AoeStats
← DMacareno95

Black Forest

510311870Analyzed
2v2 RM · 2d ago on Sep 30, 2026· 29m 21s· 4 players
Game mode
Random Map
Map size
Medium (4 player)
Population
200
Speed
Normal
Resources
Standard
Victory
Conquest
Starting age
Dark Age
Ending age
Imperial Age
RankedLock teamsTeams togetherTeam positionsShared explorationLock speedFull tech treeHidden civsTurbo modeCheats
Victory
Defeat
🇬🇷 Bengalis · Greece
1028
+15
🇹🇼 Persians · Taiwan
974
+18
🇪🇸 Khmer · Spain
1048
-18
🇪🇸 Burgundians · Spain
972
-15
DMacareno95
0:31 Loom
16:54 Feudal Age
18:05 Double-Bit Axe
19:59 Wheelbarrow
20:51 Wheelbarrow
20:01 Horse Collar
28:04 Castle Age
27:43 Gold Mining
27:44 Stone Mining
28:55 Scale Barding Armor
29:01 Forging
28:53 Scale Mail Armor
28:20 Pikeman
29:06 Husbandry
29:17 Bloodlines
Pitroque
0:31 Loom
11:51 Feudal Age
11:04 Horse Collar
11:11 Double-Bit Axe
13:01 Heavy Plow
27:08 Castle Age
ZD L
0:27 Loom
12:47 Feudal Age
18:30 Bloodlines
22:13 Castle Age
22:10 Horse Collar
22:17 Double-Bit Axe
27:09 Town Watch
RedLeonGr
0:52 Loom
14:45 Feudal Age
16:01 Horse Collar
16:08 Double-Bit Axe
17:51 Wheelbarrow
23:00 Castle Age
22:01 Gold Mining
22:04 Stone Mining
23:35 Fishing Lines
25:17 Gold Shaft Mining
25:20 Gillnets
Connection lost

Rejoining the realm…

Still unreachable

The connection could not be restored.

Session expired

The server has moved on; the page needs a fresh start.